 Dungeon Crawl Stone Soup version 0.29.1-12-g30fa7ad0bf (webtiles) character file.

Game seed: 7560397864912002999

200 raph the Chiller (level 5, -9/55 HPs)
             Began as a Merfolk Ice Elementalist on Dec 19, 2022.
             Was an Initiate of Vehumet.
             Killed from afar by Duvessa (20 damage)
             ... with a bolt of dispelling energy
             ... on level 4 of the Dungeon.
             The game lasted 00:06:39 (4218 turns).

raph the Chiller (Merfolk Ice Elementalist)         Turns: 4218, Time: 00:06:40

Health: -9/55      AC:  6    Str:  9    XL:     5   Next: 78%
Magic:  0/8        EV: 13    Int: 16    God:    Vehumet [......]
Gold:   193        SH:  0    Dex: 14    Spells: 1/8 levels left

rFire   . . .      SeeInvis +   b - +1 trident (venom)
rCold   . . .      Faith    .   (no shield)
rNeg    . . .      Spirit   .   a - +0 robe
rPois   .          Reflect  .   t - +0 helmet
rElec   .          Harm     .   j - +2 cloak
rCorr   .          Rampage  .   (no gloves)
Will    .....                   (no boots)
Stlth   ..........              p - amulet of regeneration
HPRegen 0.98/turn               l - ring of see invisible
MPRegen 0.11/turn               (no ring)

@: berserking, very quick
A: (nimble swimmer 2), mertail
a: Renounce Religion


You were on level 4 of the Dungeon.
You worshipped Vehumet.
Vehumet was noncommittal.
You visited 2 branches of the dungeon, and saw 5 of its levels.

You collected 193 gold pieces.

Inventory:

Hand Weapons
 b - a +1 trident of venom (weapon)
 d - a +1 short sword of draining
Missiles
 g - 5 boomerangs
 o - 2 poisoned darts
Armour
 a - a +0 robe (worn)
 j - a +2 cloak (worn)
 t - a +0 helmet (worn)
Jewellery
 l - a ring of see invisible (left hand)
 p - an amulet of regeneration (around neck)
Wands
 i - a wand of iceblast (2)
Scrolls
 e - 2 scrolls of teleportation
 q - a scroll of blinking {unknown}
 r - a scroll of torment {unknown}
Potions
 f - a potion of heal wounds {unknown}
 h - 3 potions of curing
 k - a potion of mutation {unknown}
 m - a potion of haste {unknown}
 n - a potion of brilliance {unknown}
 s - a potion of ambrosia {unknown}
 u - a potion of might {unknown}


   Skills:
 + Level 1.5 Fighting
 + Level 3.5 Dodging
 - Level 2.1 Stealth
 + Level 2.4 Spellcasting
 * Level 6.7 Ice Magic


You had one spell level left.
You knew the following spells:

 Your Spells              Type           Power      Damage    Failure   Level
a - Freeze                Ice            92%        1d10      1%          1
b - Frozen Ramparts       Ice            46%        1d7       3%          3
c - Ozocubu's Armour      Ice            23%        N/A       3%          3

Your spell library contained the following spells:

 Spells                   Type           Power      Damage    Failure   Level
 Blink                    Tloc           2%         N/A       30%         2
 Hailstorm                Conj/Ice       12%        3d5       45%         4
 Manifold Assault         Tloc           1%         N/A       99%         5
 Storm Form               Tmut/Air       0%         N/A       100%        7


Dungeon Overview and Level Annotations

Branches:
Dungeon (4/15)             Temple (1/1) D:4

Altars:
Ashenzari
Cheibriados
Dithmenos
Elyvilon
Fedhas
Hepliaklqana
Kikubaaqudgha
Makhleb
Nemelex Xobeh
Okawaru
Qazlal
Ru
Sif Muna
Trog
Uskayaw
Vehumet
Wu Jian
Yredelemnul
The Shining One

Annotations:
D:3 4 transporters, gargbit's ghost, amateur OpSu
D:4 Dowan; Duvessa


Innate Abilities, Weirdness & Mutations

((You are very nimble when in or above water. (Stealth+, EV+, Speed+++)))
Your lower body shifts to a powerful aquatic tail in water.


Message History

The frozen ramparts melt away as you move.
Duvessa, Sister of Dowan comes into view.
She is wielding a +0 short sword, wearing a +1 ring mail of fire resistance and carrying a wand of quicksilver (8).
Found a stone staircase leading down.
Duvessa shouts!
Dowan, Brother of Duvessa comes into view.
He is wielding a +0 dagger.
Duvessa zaps a wand.
The bolt of dispelling energy misses you.
You see here a +2 short sword of electrocution.
You start resting.
Duvessa is nearby!
Casting: Frozen Ramparts (dangerous; 3% risk of failure)
Confirm with . or Enter, or press ? or * to list all spells.
Casting: Frozen Ramparts (dangerous; 3% risk of failure)
Press: ? - help, Dir - look around, f - activate The walls around you are covered in ice.
The wall freezes Duvessa.
Duvessa says, "Where magic fails, the sword succeeds!"
The wall freezes Duvessa but does no damage.
Duvessa zaps a wand.
The bolt of dispelling energy hits you.
Your magical effects are unravelling.
The frozen ramparts melt away.
Duvessa zaps a wand.
The bolt of dispelling energy hits you!
Casting: Frozen Ramparts (dangerous; 3% risk of failure)
Confirm with . or Enter, or press ? or * to list all spells.
Casting: Frozen Ramparts (dangerous; 3% risk of failure)
Press: ? - help, Dir - look around, f - activate The walls around you are covered in ice.
The wall freezes Duvessa.
You completely miss Duvessa.
Duvessa is moderately wounded.
The wall freezes Duvessa but does no damage.
Duvessa zaps a wand.
The bolt of dispelling energy hits you!
Your magical effects are unravelling.
* * * LOW HITPOINT WARNING * * *
Okay, then.
A red film seems to cover your vision as you go berserk!
You feel yourself moving faster!
You feel mighty!
The frozen ramparts melt away.
Duvessa zaps a wand.
The bolt of dispelling energy hits you!!
You die...

.. #.... .. #..># .. #.e.#
.##...+ ..e..# ....# #...#
##+###...# +..@e.e..#
#........# ##..##...##
####### #####....# ......#
... #.....# .. .....
......#.....# ... ### #...#
#.##'###...##..#
#..###...###.##..##...##..#
..........#...............#


You could see Duvessa and Dowan.

Vanquished Creatures
  A howler monkey (D:3)
  Crazy Yiuf (D:2)
  Jessica (D:2)
  Robin (D:4)
  3 adders
  A worm (D:2)
  9 endoplasms
  3 giant cockroaches
  14 goblins
  6 hobgoblins
  A quokka (D:1)
  4 ball pythons
  6 bats
  4 frilled lizards
  5 kobolds
  6 rats
66 creatures vanquished.

Vanquished Creatures (others)
  6 plants (D:4)
6 creatures vanquished.

Grand Total: 72 creatures vanquished

Notes
Turn   | Place    | Note
-------+----------+-------------------------------------------
     0 | D:1      | raph the Merfolk Ice Elementalist began the quest for the
                  | Orb.
     0 | D:1      | Reached XP level 1. HP: 13/13 MP: 3/3
   269 | D:1      | Reached XP level 2. HP: 18/19 MP: 3/5
   376 | D:1      | Found a faded altar of an unknown god.
   425 | D:1      | Reached skill level 5 in Ice Magic
   960 | D:1      | Reached XP level 3. HP: 24/24 MP: 1/6
  1559 | D:2      | Noticed Jessica
  1563 | D:2      | Killed Jessica
  1564 | D:2      | Reached skill level 6 in Ice Magic
  1566 | D:2      | Reached XP level 4. HP: 19/30 MP: 2/7
  1674 | D:2      | Learned a level 3 spell: Frozen Ramparts
  1678 | D:2      | Learned a level 3 spell: Ozocubu's Armour
  1852 | D:2      | Found a runed translucent door.
  1853 | D:2      | Noticed Crazy Yiuf
  1860 | D:2      | Killed Crazy Yiuf
  2915 | D:3      | Noticed a centaur
  2916 | D:3      | Noticed gargbit's ghost (amateur OpSu)
  2920 | D:3      | Found a transporter.
  2934 | D:3      | Found a transporter.
  2951 | D:3      | Reached skill level 1 in Fighting
  2951 | D:3      | Reached XP level 5. HP: 31/37 MP: 0/8
  3521 | D:3      | Found a transporter.
  3526 | D:3      | Found a transporter.
  3998 | D:4      | Found a staircase to the Ecumenical Temple.
  4007 | Temple   | Entered the Ecumenical Temple
  4079 | Temple   | Became a worshipper of Vehumet
  4125 | D:4      | Noticed Robin
  4138 | D:4      | Killed Robin
  4206 | D:4      | Noticed Duvessa
  4208 | D:4      | Noticed Dowan
  4218 | D:4      | Killed from afar by Duvessa

Illustrated notes

Levels and vault maps discovered:
D:1:      lightli_arrival_noodles, layout_loops_corners,
          hellmonk_ecumenical_altar_slurped_away, minmay_heptomino_h4
D:2:      layout_loops_ring, serial_co_window_serial, co_window_paths_b,
          co_window_paths_a, co_window_paths_b, co_window_paths_a,
          co_window_paths_a, co_window_broadway_c, co_window_of_opportunity_c,
          co_window_broadway_a, co_window_sun, glass_columns_a, glass_columns_a,
          glass_columns_a, glass_columns_b, glass_columns_a,
          uniq_crazy_yiuf_cottage, uniq_jessica
D:3:      gammafunk_wand_slinger, layout_loops_corners, gammafunk_ghost_arena
D:4:      layout_gridville, temple_green, serial_forest,
          infiniplex_forest_clump_large, infiniplex_forest_clump_cross,
          infiniplex_forest_clump_tiny, infiniplex_forest_join,
          infiniplex_forest_clump_large, infiniplex_forest_lined_corner,
          uniq_duvessa, uniq_robin
Temple:   hellmonk_temple_of_storms

Skill      XL: |  1  2  3  4 |
---------------+-------------+-----
Ice Magic      | 5 6 |  6.7
Dodging        | 3 |  3.5
Fighting       | 1 |  1.5
Stealth        | |  2.1
Spellcasting   | |  2.4

Action                   |  1- 3 |  4- 6 || total
-------------------------+-------+-------++-------
Melee: Short sword       |    17 |    26 ||    43
       Unarmed           |     1 |       ||     1
       Trident           |       |     1 ||     1
 Cast: Freeze            |    35 |    16 ||    51
       Frozen Ramparts   |       |    19 ||    19
       Ozocubu's Armour  |       |     2 ||     2
  Use: Scroll            |       |     6 ||     6
       Potion            |       |     2 ||     2
 Stab: Sleeping          |     3 |     1 ||     4
Armor: Robe              |     8 |    27 ||    35
Dodge: Dodged            |    32 |    32 ||    64
